 Dungeon Crawl Stone Soup version 0.26.1-11-gd32895ea62 (webtiles) character file.

Game seed: 5502254559981741587

1061 infcreate the Covert (level 8, -3/45 HPs)
             Began as a Vampire Enchanter on May 17, 2021.
             Splashed by a brown ugly thing's acid (7 damage)
             ... on level 6 of the Dungeon.
             The game lasted 00:12:46 (5032 turns).

infcreate the Covert (Vampire Enchanter)            Turns: 5032, Time: 00:12:47

Health: -3/45      AC: -2    Str:  7    XL:     8   Next: 6%
Magic:  20/22      EV: 14    Int: 18    God:
Gold:   238        SH:  0    Dex: 16    Spells: 4/13 levels left

rFire    . . .     SeeInvis +   r - +1 dagger (venom)
rCold    + + .     Faith    .   (no shield)
rNeg     + + +     Spirit   .   b - +1 robe
rPois    ∞         Reflect  .   n - +2 helmet
rElec    .         Harm     .   (no cloak)
rCorr    .         Rampage  .   (no gloves)
Will     .....                  (no boots)
Stlth    ++++++....             (no amulet)
HPRegen  0.00/turn              W - ring of magical power
MPRegen  0.18/turn              (no ring)

@: confusing touch, about to teleport, corroded, bloodless
A: fangs 3, see invisible, unbreathing
a: Bat Form, Revivify


You were on level 6 of the Dungeon.
You visited 1 branch of the dungeon, and saw 6 of its levels.

You collected 238 gold pieces.


Innate Abilities, Weirdness & Mutations

You do not regenerate when monsters are visible.
You are frail without blood (-20% HP).
You can heal yourself when you bite living creatures.
You are immune to poison.
You have razor-sharp teeth.
You have supernaturally acute eyesight. (SInv)
You can survive without breathing.


   Skills:
 + Level 2.7 Fighting
 * Level 5.2 Short Blades
 + Level 4.1 Dodging
 * Level 8.7 Stealth
 + Level 3.4 Spellcasting
 + Level 6.3 Hexes


You had 4 spell levels left.
You knew the following spells:

 Your Spells              Type           Power        Failure   Level
c - Corona                Hex            28%          1%          1
d - Tukima's Dance        Hex            26%          3%          3
e - Ensorcelled Hibernat  Hex/Ice        28%          6%          2
t - Confusing Touch       Hex            26%          3%          3

Your spell library contained the following spells:

 Spells                   Type           Power        Failure   Level
 Dazzling Flash           Conj/Hex       28%          13%         3

Inventory:

Hand Weapons
 a - a +1 dagger
 r - a +1 dagger of venom (weapon)
Missiles
 o - 2 throwing nets {=f}
Armour
 b - a +1 robe (worn)
 n - a +2 helmet (worn)
Jewellery
 W - a ring of magical power (left hand)
Wands
 m - a wand of flame (11)
Scrolls
 c - 3 scrolls of remove curse {@r2}
 i - 2 scrolls of teleportation {@r4}
 j - 7 scrolls of identify {@r1}
 l - 2 scrolls of amnesia
 t - a scroll of enchant weapon {unknown}
Potions
 d - a potion of ambrosia {unknown}
 e - 2 potions of haste {@q3}
 f - a potion of cancellation {unknown}
 g - 2 potions of flight
 h - 2 potions of curing {@q1}
 k - a potion of lignification {unknown}
 p - a potion of attraction {unknown}
 q - a potion of resistance {unknown}
 s - 2 potions of might {unknown}

Dungeon Overview and Level Annotations

Branches:
Dungeon (6/15)
 Temple: D:4-7

Altars:
Ashenzari
Cheibriados
Gozag
Makhleb
Yredelemnul
The Shining One

##############
##.....##.....##
##..............##
#..<......(......#
#..........@.....#
#..........u.....##
#...................
#........÷.......###
#................#
##..............##
##.....##.....##
#########.#### #.##


You could see a brown ugly thing.


Message History

Confirm with . or Enter, or press ? or * to list all spells.
Aiming: Ensorcelled Hibernation (safe; 6% risk of failure)
Press: ? - help, Shift-Dir - straight line, f - brown ugly thing
Aim: a brown ugly thing (chance to affect: 28%)
Okay, then.
Casting: Ensorcelled Hibernation (safe; 6% risk of failure)
Confirm with . or Enter, or press ? or * to list all spells.
Your hands begin to glow red.
The brown ugly thing completely misses you.
You completely miss the brown ugly thing.
The brown ugly thing punches you but does no damage.
You hit the brown ugly thing but do no damage.
You hit the brown ugly thing but do no damage.
The brown ugly thing punches you! The acid corrodes you!
You are splashed with acid.
Unknown command.
You hit the brown ugly thing but do no damage.
The brown ugly thing closely misses you.
You hit the brown ugly thing but do no damage.
Your bite misses the brown ugly thing. The brown ugly thing punches you!
* * * LOW HITPOINT WARNING * * *
You are splashed with acid!
* * * LOW HITPOINT WARNING * * *
Unknown command.
It was a potion of curing.
You feel better. The brown ugly thing misses you.
As you read the scroll of teleportation {@r4}, it crumbles to dust.
You feel strangely unstable. The brown ugly thing punches you!
* * * LOW HITPOINT WARNING * * *
The acid corrodes you!
You are splashed with acid!
You die...

Skill      XL: |  1  2  3  4  5  6  7 |
---------------+----------------------+-----
Stealth        | 5 6 7 8 |  8.7
Short Blades   | 2 3 4 5 |  5.2
Fighting       | 1 2 |  2.7
Hexes          | 5 6 |  6.3
Dodging        | 3 4 |  4.1
Spellcasting   | 3 |  3.4

Action                   |  1- 3 |  4- 6 |  7- 9 || total
-------------------------+-------+-------+-------++-------
Melee: Dagger            |    75 |    80 |    58 ||   213
       Bite              |     5 |     3 |     2 ||    10
 Cast: Corona            |     7 |       |       ||     7
       Ensorcelled Hiber |    11 |    67 |     1 ||    79
       Confusing Touch   |       |     5 |     6 ||    11
 Abil: Exsanguinate      |     1 |       |       ||     1
  Use: Scroll            |     2 |     7 |     1 ||    10
       Potion            |       |       |     1 ||     1
 Stab: Sleeping          |    32 |    46 |     9 ||    87
       Confused          |       |     4 |     6 ||    10
Armor: Robe              |     7 |    19 |     9 ||    35
Dodge: Dodged            |    27 |    72 |    25 ||   124

Levels and vault maps discovered:
D:1:      dpeg_arrival_connections, layout_loops_ring,
          wad_floor_pattern_untrapped, minivault_4
D:2:      layout_loops_ring, general_overflow_altar, minmay_statues_item
D:3:      layout_rooms, grunt_temple_overflow_open
D:4:      layout_basic
D:5:      layout_gridville, kennysheep_mini, lightli_temple_of_fire,
          cheibriados_altar_1
D:6:      layout_rooms

Notes
Turn   | Place    | Note
-------+----------+-------------------------------------------
     0 | D:1      | infcreate the Vampire Enchanter began the quest for the
                  | Orb.
     0 | D:1      | Reached XP level 1. HP: 13/13 MP: 3/3
   357 | D:1      | Reached XP level 2. HP: 15/15 MP: 5/5
   360 | D:1      | Learned a level 2 spell: Ensorcelled Hibernation
   740 | D:1      | Reached skill level 5 in Stealth
   859 | D:1      | Reached skill level 2 in Short Blades
   859 | D:1      | Reached XP level 3. HP: 20/20 MP: 6/6
  1347 | D:2      | Learned a level 3 spell: Confusing Touch
  1552 | D:2      | Reached skill level 1 in Fighting
  1583 | D:2      | Noticed an ice beast
  1661 | D:2      | Found a basalt altar of Yredelemnul.
  1853 | D:2      | Reached XP level 4. HP: 25/25 MP: 7/7
  1993 | D:2      | Killed an ice beast
  1994 | D:2      | Reached skill level 3 in Short Blades
  1994 | D:2      | Reached skill level 6 in Stealth
  1994 | D:2      | Reached skill level 5 in Hexes
  1994 | D:2      | Reached XP level 5. HP: 29/29 MP: 8/8
  2634 | D:3      | Found a glowing golden altar of the Shining One.
  2637 | D:3      | Found an opulent altar of Gozag.
  2698 | D:3      | Reached skill level 3 in Dodging
  2914 | D:3      | Reached XP level 6. HP: 34/34 MP: 10/10
  3484 | D:4      | Found the +6 Majin-Bo {vamp, MP+6 Int+6}
  3760 | D:4      | Reached skill level 2 in Fighting
  3760 | D:4      | Reached skill level 4 in Short Blades
  3760 | D:4      | Reached skill level 7 in Stealth
  3764 | D:4      | Learned a level 3 spell: Tukima's Dance
  4069 | D:4      | Reached XP level 7. HP: 40/40 MP: 11/11
  4237 | D:4      | Reached skill level 3 in Spellcasting
  4379 | D:5      | Entered Level 5 of the Dungeon
  4423 | D:5      | Found a snail-covered altar of Cheibriados.
  4470 | D:5      | Found a burning altar of Makhleb.
  4514 | D:5      | Reached skill level 6 in Hexes
  4521 | D:5      | Reached skill level 8 in Stealth
  4597 | D:5      | Found a broken altar of Ashenzari.
  4615 | D:5      | Reached skill level 5 in Short Blades
  4709 | D:5      | Reached skill level 4 in Dodging
  4738 | D:5      | Reached XP level 8. HP: 45/45 MP: 13/13
  5012 | D:6      | Noticed a brown ugly thing
  5032 | D:6      | HP: 4/45 [brown ugly thing (8)]
  5032 | D:6      | Splashed by a brown ugly thing's acid

Vanquished Creatures
  3 phantoms
  2 ice beasts
  An ogre (D:5)
  A scorpion (D:5)
  A jelly (D:5)
  2 orc priests (D:3)
  2 hounds
  An orc wizard (D:3)
  2 bullfrog skeletons
  3 worker ants (D:4)
  2 worker ant zombies
  4 adders
  An ufetubus (D:3)
  An ooze (D:3)
  An adder zombie (D:5)
  An adder skeleton (D:4)
  A worm (D:4)
  3 dart slugs
  2 leopard geckos
  14 orcs
  10 bats
  10 giant cockroaches
  7 goblins
  9 hobgoblins
  8 kobolds
  4 quokkas
  8 frilled lizards
  6 rats
110 creatures vanquished.

Table legend: (Time is in decaauts)
 A = Elapsed time spent in this place.
 B = Non-inter-level travel time spent in this place.
 C = Inter-level travel time spent in this place.
 D = Time resting spent in this place.
 E = Time spent auto-exploring this place.
 F = Levels seen in this place.
 G = Mean time per level.
                   A        B        C        D        E       F      G
               +--------+--------+--------+--------+--------+-----+--------+
         Total |   5001 |   4834 |    167 |    400 |   3365 |   6 |  833.5 |
       Dungeon |   5001 |   4834 |    167 |    400 |   3365 |   6 |  833.5 |
               +--------+--------+--------+--------+--------+-----+--------+

Top non-repeatable levels by time:
     D:1: 1214 daAuts
     D:3: 1170 daAuts
     D:2: 1085 daAuts
     D:4: 888 daAuts
     D:5: 466 daAuts
     D:6: 175 daAuts

Table legend:
 A = Non-vault XP
 B = Vault XP
 C = Vault XP percentage of total XP
 D = Non-vault monster count
 E = Vault monster count
 F = Vault count percentage of total count
                 A         B        C        D         E       F
            +---------+---------+-------+---------+---------+-------
      Total |    1516 |       0 |   0.0 |     110 |       0 |   0.0
            +---------+---------+-------+---------+---------+-------
        D:1 |      50 |       0 |   0.0 |      29 |       0 |   0.0
        D:2 |     194 |       0 |   0.0 |      22 |       0 |   0.0
        D:3 |     248 |       0 |   0.0 |      32 |       0 |   0.0
        D:4 |     378 |       0 |   0.0 |      13 |       0 |   0.0
        D:5 |     588 |       0 |   0.0 |      11 |       0 |   0.0
        D:6 |      58 |       0 |   0.0 |       3 |       0 |   0.0
            +---------+---------+-------+---------+---------+-------
